Cogmind - Beta 13 @@@ ROGUE MODE // 2024.07.16 @ 18:40:58 Player: Lenbot7 Result: Destroyed by Y-45 Defender with Beam Rifle Performance ------------- Evolutions (1) 500 Regions Visited (4) 800 Robots Destroyed (8) 40 Value Destroyed (250) 250 Prototype IDs (0) 0 Alien Tech Used (0) 0 Bonus (76) 76 TOTAL SCORE: 1666 Bonus ------- Pacifist 200 Friendly Fire -124 Cogmind --------- Core Integrity 0/400 Matter 300/300 Energy 8/100 System Corruption 3% Temperature Cool (9) Movement Core (150) Ox2 Location -9/Storage Parts ------- > --- POWER (2) -------- (None) > --- PROPULSION (2) --- (None) > --- UTILITY (2) ------ Small Storage Unit Shield Generator > --- WEAPON (3) ------- (None) > --- INVENTORY (8) ---- Light Treads Light Treads Wheel Compact Wheel Heat Sink Medium Armor Plating Peak State ------------ > --- POWER ------------ Ion Engine Ion Engine > --- PROPULSION ------- Aluminum Leg Aluminum Leg > --- UTILITY ---------- Small Storage Unit Drone Bay > --- WEAPON ----------- Medium Laser Medium Laser Assault Rifle > --- INVENTORY -------- Light Treads Light Treads Wheel Compact Wheel Heat Sink Shield Generator [Rating: 13] Favorites ----------- Power Ion Engine Engine Ion Engine Propulsion Aluminum Leg Leg Aluminum Leg Utility Small Storage Unit Device Drone Bay Storage Small Storage Unit Weapon Medium Laser Energy Gun Medium Laser Ballistic Gun Assault Rifle Special Weapon Mining Laser Build | -11 -10 -10 -9 -9 ------- Run | Yrd Mat Min Mat Sto Slots Evolved 2 | . . . 2 . Power 1 | . . . 1 . Propulsion . | . . . . . Utility . | . . . . . Weapon 1 | . . . 1 . Parts Attached 13 | . 3 . 4 6 Power 2 | . 1 . 1 . Engine 2 | . 1 . 1 . Core . | . . . . . Reactor . | . . . . . Propulsion . | . . . . . Treads . | . . . . . Leg . | . . . . . Wheel . | . . . . . Hover . | . . . . . Flight . | . . . . . Utility 7 | . . . 2 5 Device 6 | . . . 2 4 Storage 1 | . . . . 1 Processor . | . . . . . Hackware . | . . . . . Protection . | . . . . . Artifact . | . . . . . Weapon 4 | . 2 . 1 1 Energy Gun 1 | . . . 1 . Energy Cannon . | . . . . . Ballistic Gun 2 | . 1 . . 1 Ballistic Cannon . | . . . . . Launcher . | . . . . . Special Weapon 1 | . 1 . . . Impact Weapon . | . . . . . Slashing Weapon . | . . . . . Piercing Weapon . | . . . . . Special Melee Weapon . | . . . . . Unidentified Prototypes . | . . . . . Parts Lost 9 | . 2 . . 7 Power 3 | . 1 . . 2 Propulsion 1 | . . . . 1 Utility 1 | . . . . 1 Weapon 4 | . 1 . . 3 Highest Loss Streak 4 | . 2 . . 4 To Critical Strikes . | . . . . . Average Slot Usage (%) 81 | . 82 85 87 77 Engine 15 | . 12 14 15 17 Leg 19 | . 28 28 22 12 Device 6 | . . . 6 9 Storage 11 | . 14 14 9 10 Energy Gun 19 | . 20 14 22 18 Ballistic Gun 7 | . . 14 11 7 Special Weapon 1 | . 6 . . . Naked Turns . | . . . . . Heaviest Build 27 | 14 14 14 22 27 Greatest Support 20 | 20 20 20 20 20 Greatest Overweight (x) 5 | . . . 1 5 Average Overweight (x) . | . . . . 1 Largest Inventory Capacity 8 | 8 8 8 8 8 Average Capacity 7 | 8 8 8 7 7 Most Carried 7 | 6 7 5 5 7 Average Carried 5 | 6 6 5 4 5 Final Capacity 8 | 8 8 8 5 8 Final Carried 6 | 6 5 5 5 6 Class Distribution -------------------- 48% | Gunner 38% | Mutant 12% | Tank Dominant Class ---------------- Mutant | -10/Materials Mutant | -10/Mines Gunner | -9/Materials Gunner | -9/Storage Resources | -11 -10 -10 -9 -9 ----------- Run | Yrd Mat Min Mat Sto Matter Collected 360 | 200 . . 86 74 Remotely . | . . . . . Salvage Created 323 | . . . 123 200 Parts 16 | . . . 5 11 Haulers Intercepted . | . . . . . Recyclers Shooed 2 | . . . 1 1 Parts Field Recycled . | . . . . . Retrieved Matter . | . . . . . Parts Self-Destructed . | . . . . . Prevented . | . . . . . Kills | -11 -10 -10 -9 -9 ------- Run | Yrd Mat Min Mat Sto Combat Hostiles Destroyed 8 | . . . 3 5 Guns 8 | . . . 3 5 Classes Destroyed 4 | . . . 2 2 Drone 1 | . . . . 1 Swarmer 1 | . . . . 1 Grunt 6 | . . . 2 4 Brawler 1 | . . . 1 . Best Kill Streak 3 | . . . 2 3 Combat Bots Only 3 | . . . 2 3 Max Kills in Single Turn 2 | . . . 1 2 Gunslinging 1 | . . . . 1 Exploded . | . . . . . Melee . | . . . . . Uniques/NPCs Destroyed . | . . . . . Combat | -11 -10 -10 -9 -9 -------- Run | Yrd Mat Min Mat Sto Hostile Shots Fired 146 | . . . 3 143 Missed 41 | . . . 1 40 Damage Taken 1398 | . 412 . 21 965 Core 546 | . 134 . . 412 Absorbed by Shields 28 | . . . . 28 Core Remaining (%) 73 | 100 . 46 . . Volleys Fired 31 | . 9 . 7 15 Largest 3 | . 2 . 3 3 Hottest 150 | . 150 . 120 120 Shots Fired 66 | . 18 . 21 27 Gun 57 | . 9 . 21 27 Cannon . | . . . . . Launcher . | . . . . . Special 9 | . 9 . . . Kinetic 16 | . . . 7 9 Thermal 50 | . 18 . 14 18 Explosive . | . . . . . Electromagnetic . | . . . . . Robot Hit Streak 11 | . . . 3 11 Robot Miss Streak 3 | . . . 2 3 Penetration Max . | . . . . . Secondary Targets 1 | . . . . 1 Max Gunslinging Chain 1 | . . . . 1 Shots Hit Robots 29 | . . . 11 18 Core Hits 17 | . . . 7 10 Critical Kills . | . . . . . Critical Parts Destroyed . | . . . . . Critical Strikes . | . . . . . Melee Attacks . | . . . . . Impact . | . . . . . Slashing . | . . . . . Piercing . | . . . . . Sneak Attacks . | . . . . . Combat Hostiles . | . . . . . Follow-up Attacks . | . . . . . Damage Inflicted 424 | . . . 163 261 Guns 424 | . . . 163 261 Cannons . | . . . . . Explosions . | . . . . . Melee . | . . . . . Ramming . | . . . . . Kinetic 177 | . . . 51 126 Thermal 247 | . . . 112 135 Explosive . | . . . . . Electromagnetic . | . . . . . Impact . | . . . . . Slashing . | . . . . . Piercing . | . . . . . Highest Corruption 6 | . 6 6 . 3 Average Corruption 2 | . 1 6 . 2 Corruption Purged . | . . . . . Corruption Blocked . | . . . . . Effects 13 | . 1 2 . 10 Message Errors 3 | . . . . 3 Matter Fused 3 | . 1 . . 2 Energy Discharges 3 | . . . . 3 Data Loss (minor) 3 | . . 2 . 1 Alerts 1 | . . . . 1 Overload Shots . | . . . . . Overflow Damage . | . . . . . Projectiles . | . . . . . Explosions . | . . . . . Melee . | . . . . . Knockbacks . | . . . . . Impact . | . . . . . Kinetic . | . . . . . Secondary . | . . . . . Self-Inflicted Damage . | . . . . . Shots . | . . . . . Rammed . | . . . . . Targets Rammed . | . . . . . Kicked . | . . . . . Crushed . | . . . . . Highest Temperature 425 | . 358 . 160 425 Average Temperature 153 | . 173 . 60 189 Received Heat Transfer 258 | . . . 12 246 Effects 1 | . . . . 1 Shutdowns 1 | . . . . 1 Siege Activations . | . . . . . Robots Corrupted . | . . . . . Combat Hostiles . | . . . . . Parts Fried . | . . . . . Impact Corruptions . | . . . . . Robots Melted . | . . . . . Combat Hostiles . | . . . . . Parts Melted . | . . . . . Heat Transferred 740 | . . . 333 407 Parts Sabotaged . | . . . . . Parts Stolen . | . . . . . Parts Stripped . | . . . . . Power Chain Reactions . | . . . . . Alert | -11 -10 -10 -9 -9 ------- Run | Yrd Mat Min Mat Sto Peak Influence 95 | . 1 . 95 92 Initial 39 | . . . . 39 Average 31 | . . . 45 41 Maximum Alert Level . | . . . . . Low Security (%) 100 | 100 100 100 100 100 Level 1 . | . . . . . Level 2 . | . . . . . Level 3 . | . . . . . Level 4 . | . . . . . Level 5 . | . . . . . High Security . | . . . . . Max Security . | . . . . . Squads Dispatched 5 | . 1 . 1 3 Investigation 3 | . 1 . . 2 Extermination . | . . . . . Reinforcement 2 | . . . 1 1 Assault . | . . . . . Garrison . | . . . . . Intercept . | . . . . . Searches Triggered . | . . . . . Construction Impeded . | . . . . . Haulers Reinforced . | . . . . . Active Scanning Responses . | . . . . . Cargo Convoy Interrupts . | . . . . . Stealth | -11 -10 -10 -9 -9 --------- Run | Yrd Mat Min Mat Sto Distress Signals 2 | . . . 1 1 Communications Jammed . | . . . . . Distress Signals . | . . . . . Times Spotted 18 | . . . 5 13 Peak Tracking Total 6 | . . . 3 6 Tactical Retreats . | . . . . . Traps | -11 -10 -10 -9 -9 ------- Run | Yrd Mat Min Mat Sto Traps Triggered 3 | . . . . 3 Indirectly . | . . . . . Trap Hack Attempts . | . . . . . Triggered . | . . . . . Disarmed . | . . . . . Reprogrammed . | . . . . . Reused . | . . . . . Traps Extracted . | . . . . . Installed . | . . . . . Triggered . | . . . . . Machines | -11 -10 -10 -9 -9 ---------- Run | Yrd Mat Min Mat Sto Machines Disabled . | . . . . . Max in Single Turn . | . . . . . Machines Repaired . | . . . . . Machines Dismantled . | . . . . . Machines Sabotaged . | . . . . . Overloaded Fab Kills . | . . . . . Hacking | -11 -10 -10 -9 -9 --------- Run | Yrd Mat Min Mat Sto Machines Accessed 6 | . 1 . 2 3 Terminals 4 | . 1 . . 3 Fabricators . | . . . . . Repair Stations . | . . . . . Recycling Units 2 | . . . 2 . Scanalyzers . | . . . . . Garrison Access . | . . . . . Total Hacks 14 | . 3 . 4 7 Successful 9 | . 1 . 4 4 Failed 5 | . 2 . . 3 Catastrophic . | . . . . . Database Lockouts . | . . . . . Manual . | . . . . . Terminals 10 | . 3 . . 7 Fabricators . | . . . . . Repair Stations . | . . . . . Recycling Units 4 | . . . 4 . Scanalyzers . | . . . . . Garrison Access . | . . . . . Terminal Hacks 5 | . 1 . . 4 Record 4 | . 1 . . 3 Open Door 1 | . . . . 1 Fabricator Hacks . | . . . . . Repair Station Hacks . | . . . . . Recycling Unit Hacks 4 | . . . 4 . Process 2 | . . . 2 . Report Inventory 2 | . . . 2 . Scanalyzer . | . . . . . Garrison Access Hacks . | . . . . . Unauthorized Hacks . | . . . . . Terminals . | . . . . . Fabricators . | . . . . . Repair Stations . | . . . . . Recycling Units . | . . . . . Scanalyzers . | . . . . . Garrison Access . | . . . . . Data Cores Recovered . | . . . . . Used . | . . . . . Hacking Detections 3 | . 1 . . 2 Full Trace Events 3 | . 1 . . 2 Feedback Events 1 | . 1 . . . Corruption 1 | . 1 . . . Feedback Blocked . | . . . . . Robot Schematics Acquired . | . . . . . Robots Built . | . . . . . Authchips . | . . . . . Time . | . . . . . Total Robot Build Rating . | . . . . . Part Schematics Acquired . | . . . . . Parts Built . | . . . . . Authchips . | . . . . . Time . | . . . . . Total Part Build Rating . | . . . . . Parts Repaired . | . . . . . Time . | . . . . . Parts Recycled . | . . . . . Recycled Matter . | . . . . . Retrieved Matter . | . . . . . Retrieved Components . | . . . . . Parts Scanalyzed . | . . . . . Part Schematics Acquired . | . . . . . Parts Damaged . | . . . . . Bothacking | -11 -10 -10 -9 -9 ------------ Run | Yrd Mat Min Mat Sto Used RIF Installer . | . . . . . Robots Hacked . | . . . . . Non-combat . | . . . . . Combat . | . . . . . Robot Hacks Applied . | . . . . . Relay Couplers Released . | . . . . . Fabnet Peak Effective % . | . . . . . Robots Rewired . | . . . . . Allies Hacked . | . . . . . Hacks Repelled . | . . . . . Allies | -11 -10 -10 -9 -9 -------- Run | Yrd Mat Min Mat Sto Total Allies . | . . . . . Largest Group . | . . . . . Highest-Rated Group . | . . . . . Highest-Rated Ally . | . . . . . Total Orders . | . . . . . Ally Attacks . | . . . . . Total Damage . | . . . . . Kills . | . . . . . Allies Corrupted . | . . . . . Allies Melted . | . . . . . Intel | -11 -10 -10 -9 -9 ------- Run | Yrd Mat Min Mat Sto Robot Analysis Total . | . . . . . Derelict Logs Recovered . | . . . . . Drone Launches 17 | . . . . 17 Drone Recoveries 3 | . . . . 3 Exploration | -11 -10 -10 -9 -9 ------------- Run | Yrd Mat Min Mat Sto Turns Passed 616 | 8 126 39 173 270 Spaces Moved 320 | 7 64 33 107 109 Core 29 | . . . . 29 Treads . | . . . . . Legs 291 | 7 64 33 107 80 Wheels . | . . . . . Hover . | . . . . . Flight . | . . . . . Fastest Speed 120 | 120 120 120 120 120 Average Speed 150 | 120 120 120 133 196 Slowest Speed 300 | 120 120 120 190 300 Overloaded Moves . | . . . . . Propulsion Burnouts . | . . . . . Robots Hopped . | . . . . . Cave-ins Triggered 1 | . 1 . . . Exploration Rate (%) 12 | 2 13 14 14 20 Regions Visited 4 Branch Regions 2 Pre-discovered Areas . | . . . . . Known Exits Taken . | . . . . . Unknown Exits Taken 4 | 1 1 1 1 . Scrap Searched . | . . . . . Spaces Dug 8 | . 8 . . . Terrain Destroyed 8 | . 8 . . . Melee . | . . . . . Projectile 8 | . 8 . . . AOE . | . . . . . Terrain Rammed . | . . . . . Walls Destroyed . | . . . . . Machines Disabled . | . . . . . Actions | -11 -10 -10 -9 -9 --------- Run | Yrd Mat Min Mat Sto Total 376 | 6 76 32 120 142 Wait . | . . . . . Move 315 | 6 62 32 106 109 Hop . | . . . . . Pick Up 8 | . 1 . 3 4 Fast Attach . | . . . . . Attach 8 | . 2 . 3 3 Detach . | . . . . . Swap 5 | . 1 . 1 3 Drop 1 | . . . . 1 Fire 31 | . 9 . 7 15 Melee . | . . . . . Ram . | . . . . . Kick . | . . . . . Crush . | . . . . . Escape Stasis 1 | . 1 . . . Rewire . | . . . . . Trap . | . . . . . Miscellaneous 7 | . . . . 7 Route ------- -11/Scrapyard -10/Materials -10/Mines -9/Materials -9/Storage History --------- Turn | Location | Event 1 | -11/Scrapyard | Discovered new exit (range 3) 9 | -11/Scrapyard | Entered Materials 45 | -10/Materials | Discovered new exit (range 13) 124 | -10/Materials | Crushed by falling debris 125 | -10/Materials | Core integrity fell below 50% 135 | -10/Materials | Entered Mines 150 | -10/Mines | Discovered new exit (range 12) 174 | -10/Mines | Entered Materials 174 | -9/Materials | Evolved 2 slots: Power x1, Weapon x1 299 | -9/Materials | Discovered new exit (range 8) 347 | -9/Materials | Entered Storage 559 | -9/Storage | Core integrity fell below 50% 589 | -9/Storage | Lost 12 allies 594 | -9/Storage | Core integrity fell below 20% 600 | -9/Storage | Lost 4 parts (2p1u1w) 617 | -9/Storage | Destroyed by Y-45 Defender with Beam Rifle Last Messages --------------- Drone destroyed. M-13 Machinist repairs Y-45 Defender. K-01 Serf collects debris. Ion Engine destroyed. Critical hit (Burn: +37). R-06 Scavenger collects Welding Torch. K-01 Serf collects debris. R-06 Scavenger collects Terrain Scanner. System corrupted: Matter fused (-5). Ion Engine destroyed. K-01 Serf collects debris. S-10 Pest destroyed. Acquired Med. Armor Plating. Med. Laser destroyed. Acquired Autogun. G-34 Mercenary destroyed. S-10 Pest destroyed. System corrupted: IFF burst signal emitted. Autogun destroyed. Acquired 22 matter. Map ----- +----------------------------------------------------+ | ????????????????????????????????????????? | | ????????????????????=???????????????????? | | ????????????????????=???????????????????? | | ???????????????????? ???????????????????? | | ??????????????????##+###????????????????? | | ?????????#??????? # ????????????????? | | ?????????+ ????? # #?????????????????? | | ?????????# / #?????????????????? | | ?????????# """" # #?????????????????? | | ?????????# """" / #?????????????????? | | ?????????# """" # #?????????????????? | | ?????????# """" # #?????????????????? | | ?????????# ?# #?????????????????? | | ?????#???? * ???# #?????????????????? | | ?????# #####/###### #?????????????????? | | ?????+ % #?????????????????? | | ??????### ###### #?????????????????? | | ????????# # #= #?????????????????? | | ????????# /Y #%! #?????????????????? | | ????????# r#gr #! #?????????????????? | | ????????# #=%= # #?#####???????????? | | ????????# g *%=# =#?#"""#???????????? | | ????????# #= #^^[###"T"#####???????? | | ????????# # ! # # #???????? | | ????????# # # %%# #???????? | | ????????# # @ # %%# #???????? | | ????????#+##+###### %%+% """"" #???????? | | ???????????? #??#%%%# """"" #???????? | | ????????????" #??# # """"" #???????? | | ????????????" #??# ###########???????? | | ????????????" #??#% #?????????????????? | | ???????????"" #??# #?????????????????? | | ??????????"" #??#% #?????????????????? | | ??????????" #??#* #?????????????????? | | ??????????? #?## %=##????????????????? | | ????##+######+#### %=* #????????????????? | | ????# [% ##### ?????? | | ????# T + ?????? | | ????# % ! ##### ????? | | ????# #####+#### #????????? #???? | | ????# #?# T#?###+###????????????????? | | ????# #?## ###?? ?????????????????? | | ????# #?# !#??# ???????????????? | | ????# #?#! !#??# """"" #?????????????? | | ????# #?#! !#??# ??????#?????????????? | | ????# #?#! !#??# ????????????????????? | | ????#####?#####??# "????????????????????? | | ?????????????????# ?????????????????????? | | ?????????????????# ?????????????????????? | | ?????????????????# ?????????????????????? | +----------------------------------------------------+ Best States ------------- Heat Dissipation 38 Energy Generation 15 Energy Capacity 400 Matter Stores 300 Matter Capacity 300 Sight Range 16 Terrain Scan Density 10 Evasion (%) 55 Item Schematics ----------------- None Robot Schematics ------------------ None Fabricated ------------ Nothing Alien Tech Used ----------------- None Achievements -------------- Backstab Release The Drones! Unlikely Earthworm Challenges ------------ None Game ------ Seed NetworkElectronThruster Manual? 0 Play Time 00:12:00 Cumulative 3.1 hours Start 2024.07.16 @ 18:27:05 End 2024.07.16 @ 18:40:58 Sessions 3 Manual Loads 0 Difficulty Rogue Special Mode None Game No. 13 Rogue 13 Adventurer 0 Explorer 0 Win Type - Total 0 Types 0/0/0/0/0/0/0/0/0 Lore% 4 Gallery% 7 Achievement% 8 Wizard Run 0 Options --------- Layout 1 ASCII 0 Keyboard 0 Movement Mouse Keybinds 0 Fullscreen 1 Font 24/Smallcaps Map View 50x35 Zoom Use 0% Tactical HUD 0 Map Filters NONE Filters NONE Steam 1 RUN: c6b2d991-754b-4a13-9db1-8d400e99d7b1